[Event "Team 45 45 League T28"]
[Site "Internet Chess Club"]
[Date "2005.10.22"]
[Round "6"]
[White "nminwalla"]
[Black "fledermaus"]
[Result "1/2-1/2"]
[WhiteElo "2010"]
[BlackElo "2015"]
[TimeControl "2700+45"]

1. e4 c6 2. d4 d5 3. e5 Bf5 4. h4 h5 5. c4 e6 6. Nc3 Be7 7. cxd5 cxd5 8. Bd3
Bxd3 9. Qxd3 Nc6 10. Nf3 Nh6 11. Bxh6 Rxh6 12. g3 Rh8 13. O-O g6 14. a3 Qd7 15.
b4 Kf8 16. Rac1 Kg7 17. Rc2 Rac8 18. Rfc1 Bxb4 19. axb4 Nxb4 20. Qd2 Nxc2 21.
Rxc2 Rc4 22. Rb2 a6 23. Ne2 b5 24. Ne1 Qe7 25. Nd3 Rhc8 26. Nc5 R8xc5 27. dxc5
Qxc5 28. Kg2 d4 29. Qg5 {Game drawn by mutual agreement} 1/2-1/2

[Event "Team 45 45 League T28"]
[Site "Internet Chess Club"]
[Date "2005.10.22"]
[Round "6"]
[White "viking99"]
[Black "kabindra"]
[Result "0-1"]
[WhiteElo "1848"]
[BlackElo "1753"]
[TimeControl "2700+45"]

1. e4 e5 2. Nf3 Nc6 3. Bb5 a6 4. Ba4 Nf6 5. O-O b5 6. Bb3 Be7 7. Re1 Bb7 8. c3
O-O 9. d4 d6 10. Nbd2 exd4 11. cxd4 Na5 12. Bc2 c5 13. d5 c4 14. Nf1 Bc8 15. Ng3
Nb7 16. Nd4 Bg4 17. f3 Bd7 18. Ngf5 Nc5 19. Qd2 h6 20. Nxg7 Kxg7 21. Qxh6+ Kg8
22. Bg5 Nd3 23. Nf5 Bxf5 24. exf5 Nxe1 25. Rxe1 Re8 26. Re6 Bf8 27. Qh4 Bg7 28.
Rxf6 Re2 29. Be4 Qb6+ 30. Kf1 Rxb2 31. Rg6 Qf2+ 32. Qxf2 Rxf2+ 33. Kxf2 fxg6 34.
fxg6 c3 35. Ke2 Rc8 36. Kd1 Rc4 37. Bc1 a5 38. h4 Ra4 39. a3 Rd4+ 40. Kc2 b4 41.
g4 bxa3 42. Bxa3 Rd2+ 43. Kb3 Rf2 44. Bxd6 Rb2+ 45. Ka3 Bf8 46. Bxf8 Kxf8 47. h5
a4 48. h6 Rh2 49. g7+ Kg8 50. g5 c2 51. h7+ Kxg7 52. Kb2 a3+ 53. Kc1 a2 54.
h8=Q+ Kxh8 {White forfeits on time} 0-1

[Event "Team 45 45 League T28"]
[Site "Internet Chess Club"]
[Date "2005.10.22"]
[Round "6"]
[White "jongalt97"]
[Black "Winclick"]
[Result "0-1"]
[WhiteElo "1629"]
[BlackElo "1751"]
[TimeControl "2700+45"]

1. d4 Nf6 2. c4 e6 3. Nc3 Bb4 4. e3 O-O 5. Bd3 d5 6. Ne2 dxc4 7. Bxc4 e5 8. O-O
exd4 9. exd4 Nc6 10. h3 Bf5 11. a3 Bd6 12. Bg5 h6 13. Bh4 Be7 14. d5 Ne5 15. Ba2
Nd3 16. Qd2 Nxd5 17. Bxe7 Nxe7 18. g4 Bh7 19. f4 c6 20. f5 Qb6+ 21. Kg2 Rad8 22.
Qc2 Qxb2 23. Qxb2 Nxb2 24. Rab1 Rd2 25. Kf2 Rfd8 26. Bb3 Nd3+ 27. Ke3 Nc5 28.
Bc4 b5 29. Rfd1 Rxd1 30. Nxd1 bxc4 31. Ndc3 h5 {White resigns} 0-1

[Event "Team 45 45 League T28"]
[Site "Internet Chess Club"]
[Date "2005.10.24"]
[Round "6"]
[White "Zyme"]
[Black "Gardener"]
[Result "1/2-1/2"]
[WhiteElo "1457"]
[BlackElo "1601"]
[TimeControl "2700+45"]

1. d4 e6 2. c4 d5 3. Nc3 Nf6 4. Bg5 Be7 5. e3 h6 6. Bh4 g5 7. Bg3 Bd6 8. Nf3 Nc6
9. Ne5 Bxe5 10. dxe5 Ne4 11. Nxe4 dxe4 12. Qc2 Qe7 13. Qxe4 Qb4+ 14. Kd1 Qxb2
15. Qb1 Qxb1+ 16. Rxb1 b6 17. Bd3 Bb7 18. Be4 O-O-O+ 19. Kc2 Nd4+ 20. exd4 Bxe4+
21. Kc3 Bxb1 22. Rxb1 h5 23. h3 h4 24. Bh2 Rhg8 25. f3 Rd7 26. Rd1 Rgd8 27. Bg1
c5 28. Rd3 cxd4+ 29. Bxd4 Kb7 30. Rd2 Ka6 31. Be3 Rxd2 32. Bxd2 Rxd2 33. Kxd2
Ka5 34. Ke3 Kb4 35. f4 gxf4+ 36. Kxf4 Kxc4 37. Kg5 Kd5 38. Kxh4 Kxe5 39. Kg5 Kd6
40. h4 Ke7 41. h5 Kf8 42. Kf6 Kg8 43. h6 Kh7 44. Kg5 e5 45. Kf5 f6 46. g4 Kxh6
47. Kxf6 Kh7 48. Kxe5 Kg6 49. Kd6 Kg5 50. Kc6 Kxg4 51. Kb7 a5 52. Kxb6 a4 53.
Kb5 a3 54. Kb4 Kf5 55. Kxa3 Ke6 56. Kb4 Kd6 57. Kb5 Kc7 58. Ka6 Kb8 59. a3 Ka8
60. a4 Kb8 61. Kb6 Ka8 62. a5 Kb8 63. a6 Ka8 64. Kb5 Kb8 65. Ka5 Ka8 66. Kb6 Kb8
67. a7+ Ka8 68. Ka6 {Black stalemated} 1/2-1/2

[Event "Team 45 45 League T28"]
[Site "Internet Chess Club"]
[Date "2005.10.24"]
[Round "6"]
[White "andy4226uk"]
[Black "forketta"]
[Result "0-1"]
[WhiteElo "1795"]
[BlackElo "1881"]
[TimeControl "2700+45"]

1. e4 c5 2. Nf3 d6 3. d4 cxd4 4. Nxd4 Nf6 5. Nc3 a6 6. f4 e5 7. Nf5 d5 8. fxe5
Nxe4 9. Nxe4 Bxf5 10. Ng3 Be6 11. Bd3 Nc6 12. Bf4 Qb6 13. Nf5 Bxf5 14. Bxf5 Nd4
15. Qd3 Nxf5 16. Qxf5 Qe6 17. g4 Bc5 18. O-O-O O-O 19. Qd3 Rfd8 20. h4 Qxg4 21.
Be3 Bxe3+ 22. Qxe3 Rac8 23. Rd2 Qe4 24. Qg1 Qxe5 25. Rhh2 Re8 26. Rd1 Rcd8 27.
Rg2 Qe3+ 28. Qxe3 Rxe3 29. Rdg1 g6 30. h5 Kg7 31. hxg6 hxg6 32. Rf2 d4 33. Rgf1
Rd7 34. Kd2 Rde7 35. Rf4 R3e4 36. Kd3 Rxf4 37. Rxf4 Rd7 {White resigns} 0-1

[Event "Team 45 45 League T28"]
[Site "Internet Chess Club"]
[Date "2005.10.23"]
[Round "6"]
[White "crapalot"]
[Black "garethn"]
[Result "0-1"]
[WhiteElo "1843"]
[BlackElo "1762"]
[TimeControl "2700+45"]

1. d4 d5 2. Nf3 Nf6 3. Bg5 Ne4 4. Nbd2 Nxg5 5. Nxg5 e5 6. Ngf3 e4 7. Ne5 f6 8.
Nf7 Kxf7 9. e3 Be6 10. f3 f5 11. fxe4 fxe4 12. Qh5+ g6 13. Qe5 Bg7 14. Qg3 Rf8
15. Bb5 c6 16. Be2 Nd7 17. O-O+ Kg8 18. Bg4 Rxf1+ 19. Rxf1 Bxg4 20. Qxg4 Qe7 21.
c4 Rf8 22. Rxf8+ Bxf8 23. h4 Bh6 24. Qh3 Nf6 25. g4 Qd7 {White resigns} 0-1

[Event "Team 45 45 League T28"]
[Site "Internet Chess Club"]
[Date "2005.10.23"]
[Round "6"]
[White "TheBrewer"]
[Black "ElmerHo"]
[Result "1/2-1/2"]
[WhiteElo "1577"]
[BlackElo "1693"]
[TimeControl "2700+45"]

1. d4 d5 2. Nf3 Nf6 3. e3 Bf5 4. c4 c6 5. Qb3 Qb6 6. Nc3 Qxb3 7. axb3 e6 8. c5
Nbd7 9. b4 b6 10. Be2 Be7 11. Ne5 Nxe5 12. dxe5 Nd7 13. f4 bxc5 14. bxc5 Bxc5
15. Na4 Bb4+ 16. Bd2 Bxd2+ 17. Kxd2 Ke7 18. Rhc1 Rhc8 19. Nc5 Nxc5 20. Rxc5 Rc7
21. Rac1 Kd7 22. Bb5 Rac8 23. Ba6 Rb8 24. Kc3 f6 25. Be2 fxe5 26. fxe5 Bg6 27.
Ra1 Be8 28. Rca5 Ra8 29. Kd4 Ke7 30. Kc5 Bd7 31. Bf3 Rb7 32. b4 Rb5+ 33. Rxb5
cxb5 34. Be2 Rc8+ 35. Kd4 Rc7 36. Ra5 Rb7 37. Kc5 Rc7+ 38. Kd4 Rb7 39. Kc5 Rc7+
40. Kd4 Rb7 41. Kc5 Rc7+ 42. Kd4 {Game drawn by repetition} 1/2-1/2

[Event "Team 45 45 League T28"]
[Site "Internet Chess Club"]
[Date "2005.10.24"]
[Round "6"]
[White "Lyko"]
[Black "wojozim"]
[Result "0-1"]
[WhiteElo "1408"]
[BlackElo "1543"]
[TimeControl "2700+45"]

1. e4 c5 2. c3 d5 3. e5 Bf5 4. d4 e6 5. Bd3 Ne7 6. h3 Bxd3 7. Qxd3 cxd4 8. cxd4
Nf5 9. Nf3 Nc6 10. O-O Qb6 11. Rd1 Nb4 12. Qd2 Rc8 13. Nc3 Be7 14. a3 Nc6 15.
Na4 Qb5 16. Nc3 Qc4 17. g4 Nh4 18. Nxh4 Bxh4 19. Qf4 Ne7 20. Be3 Ng6 21. Qf3 O-O
22. Rac1 Qb3 23. Ne2 Qxb2 24. Nf4 Qxa3 25. Nxg6 fxg6 26. Rxc8 Rxc8 27. g5 h6 28.
Qg4 Bxg5 29. Qxe6+ Kh7 30. Qxc8 Bxe3 31. Qxb7 Bxd4 32. Rxd4 Qa1+ 33. Kg2 Qxd4
34. e6 Qe4+ 35. Kf1 Qxe6 {White resigns} 0-1

[Event "Team 45 45 League T28"]
[Site "Internet Chess Club"]
[Date "2005.10.27"]
[Round "6"]
[White "alastorx"]
[Black "Blunderov"]
[Result "1/2-1/2"]
[WhiteElo "1844"]
[BlackElo "1969"]
[TimeControl "2700+45"]

1. d4 Nf6 2. Nc3 d5 3. Bg5 Nbd7 4. f3 h6 5. Bxf6 Nxf6 6. e4 dxe4 7. fxe4 Bg4 8.
Nf3 e6 9. Be2 Bb4 10. Qd3 O-O 11. O-O c5 12. e5 Nd5 13. Nxd5 Qxd5 14. c3 Ba5 15.
c4 Qc6 16. d5 exd5 17. cxd5 Qb6 18. Kh1 Rad8 19. Ng5 hxg5 20. Bxg4 Qxb2 21. e6
Qe5 22. exf7+ Rxf7 23. Be6 Qxe6 24. dxe6 Rxd3 25. exf7+ Kf8 26. Rf5 Bc3 27. Raf1
Bf6 28. Rxc5 Rd7 29. h3 Kxf7 30. Rxg5 Rd2 31. Ra5 a6 32. Rb1 Rd7 33. Ra3 Bd8 34.
Rf3+ Kg8 35. Rbf1 b5 36. Rf8+ Kh7 37. R8f7 Rd2 38. R1f2 Rd1+ 39. Kh2 Bf6 40. Re2
a5 41. Ra7 Bc3 42. Rc2 Bb4 43. Rb7 Rd5 44. g3 Bd6 45. Rc3 b4 46. Rc2 Rd3 47. Rg2
Ra3 48. h4 a4 49. Kh3 Rc3 50. Kg4 b3 51. axb3 axb3 52. h5 Be5 53. Kf5 Rxg3 54.
Rxg3 Bxg3 55. Rxb3 Bh4 56. Rh3 Bf2 57. Rh2 Bd4 58. Rg2 Ba1 59. Rg6 {Game drawn
by mutual agreement} 1/2-1/2

[Event "Team 45 45 League T28"]
[Site "Internet Chess Club"]
[Date "2005.10.22"]
[Round "6"]
[White "martineden"]
[Black "Chessnut"]
[Result "1-0"]
[WhiteElo "1648"]
[BlackElo "1644"]
[TimeControl "2700+45"]

1. d4 d5 2. c4 c6 3. Nc3 Nf6 4. Nf3 e6 5. Bg5 Nbd7 6. e3 Qa5 7. Bd3 Bb4 8. Qc2
dxc4 9. Bxc4 b5 10. Bd3 Bb7 11. O-O a6 12. Rfc1 Rc8 13. a3 Be7 14. h3 c5 15.
dxc5 Bxf3 16. gxf3 Rxc5 17. b4 {Black resigns} 1-0

[Event "Team 45 45 League T28"]
[Site "Internet Chess Club"]
[Date "2005.10.23"]
[Round "6"]
[White "RingLord"]
[Black "NFK"]
[Result "1-0"]
[WhiteElo "1645"]
[BlackElo "1655"]
[TimeControl "2700+45"]

1. e4 d6 2. d4 Nf6 3. Bd3 e5 4. c3 Be7 5. Nf3 Nbd7 6. O-O O-O 7. Be3 Ng4 8. Nbd2
Nxe3 9. fxe3 b6 10. Qe2 a5 11. a4 Bb7 12. h3 c5 13. Nc4 f6 14. Na3 d5 15. exd5
Bxd5 16. Nh4 Be6 17. Qh5 h6 18. Qg6 {Black resigns} 1-0  Invicta-Knight(340): I
have a few of my opponents games to look at

[Event "Team 45 45 League T28"]
[Site "Internet Chess Club"]
[Date "2005.10.21"]
[Round "6"]
[White "SkinnyPuppy"]
[Black "jorobo"]
[Result "1-0"]
[WhiteElo "2192"]
[BlackElo "2182"]
[TimeControl "2700+45"]

1. e4 e6 2. d4 d5 3. Be3 Nf6 4. Nd2 dxe4 5. f3 Nd5 6. Qe2 exf3 7. Ngxf3 Nxe3 8.
Qxe3 Be7 9. Bd3 Nd7 10. O-O Nf6 11. Ne5 O-O 12. Ne4 Nxe4 13. Qxe4 f5 14. Qe3 Bf6
15. Bc4 Qd6 16. Rxf5 Bxe5 17. Rxe5 Bd7 18. d5 Qb4 19. Bb3 Rf6 20. dxe6 Be8 21.
e7+ Kh8 22. Rf1 Qb6 23. Qxb6 axb6 24. Ref5 Bg6 25. Rxf6 gxf6 26. Rxf6 Re8 27.
Re6 Bf7 28. Re3 Bxb3 29. axb3 Kg7 30. Kf2 Kf6 31. Kf3 Rxe7 32. Rxe7 Kxe7 33. Kg4
Kf6 34. Kh5 Kg7 35. Kg5 h6+ 36. Kh5 Kh7 37. g4 Kg7 38. h4 Kh7 39. g5 hxg5 40.
Kxg5 Kg7 41. Kf5 Kh6 42. Ke6 Kh5 43. Kd7 c5 44. Kc7 b5 45. Kxb7 Kxh4 46. Kc6 c4
47. bxc4 bxc4 48. Kc5 c3 49. bxc3 Kg5 50. Kd6 Kf4 51. c4 Ke4 52. c5 Kd4 53. c6
{Black resigns} 1-0

[Event "Team 45 45 League T28"]
[Site "Internet Chess Club"]
[Date "2005.10.25"]
[Round "6"]
[White "Knight77"]
[Black "Gregorio"]
[Result "0-1"]
[WhiteElo "1833"]
[BlackElo "2071"]
[TimeControl "2700+45"]

1. Nf3 d5 2. d4 g6 3. c4 c6 4. Nc3 Bg7 5. Bf4 e6 6. e3 Nf6 7. Bd3 O-O 8. O-O
dxc4 9. Bxc4 Nd5 10. Bg3 Nd7 11. e4 Nxc3 12. bxc3 Nb6 13. Be2 Qe7 14. Rb1 Rd8
15. Qc2 c5 16. Rfd1 Bd7 17. Bc7 Ba4 18. Bxd8 Rxd8 19. Qb2 Bxd1 20. Rxd1 cxd4 21.
cxd4 Bh6 22. Rb1 Rc8 23. a4 Nxa4 24. Qxb7 Rc1+ 25. Bf1 Qxb7 26. Rxb7 Nc3 27. g3
a5 28. Ne5 Nxe4 29. Kg2 Nd6 30. Rd7 Bf8 31. Rd8 Kg7 32. Nd7 Rc8 33. Rxc8 Nxc8
34. Bb5 Bb4 35. Nc5 Nd6 36. Bd7 Nf5 37. Nb3 Bc3 38. d5 exd5 39. g4 Nd6 40. Nc5
d4 41. Na4 Nc4 42. Bb5 Ne5 43. f3 Kf6 44. Nc5 Bb4 45. Ne4+ Ke7 46. Kf2 f5 47.
gxf5 gxf5 48. Ng3 Kf6 49. f4 Ng4+ 50. Kg2 Ne3+ 51. Kf3 Nc2 52. Ke2 Na3 53. Bd3
Bc3 54. Nxf5 Nc4 55. Nxd4 Nb2 56. Nf3 Nxd3 57. Kxd3 Bb4 58. Nd4 Bd6 59. Ke4 a4
60. Ne2 a3 61. Nc3 Kg6 62. f5+ Kg5 63. h3 Kh4 64. Kd5 Bf8 65. f6 Kxh3 66. Ke4
Kg3 67. Ne2+ Kg4 68. Nc3 h5 69. Ke3 Bc5+ 70. Ke2 h4 71. f7 h3 72. Kf1 Kf3 73.
f8=Q+ Bxf8 74. Kg1 Bg7 75. Na2 Be5 76. Nb4 Ke2 77. Na2 Kd2 78. Kf2 Bd6 79. Kg1
Kc2 80. Kh1 Kb2 {White resigns} 0-1

[Event "Team 45 45 League T28"]
[Site "Internet Chess Club"]
[Date "2005.10.22"]
[Round "6"]
[White "AMAV"]
[Black "Kingofknights"]
[Result "1-0"]
[WhiteElo "2089"]
[BlackElo "1729"]
[TimeControl "2700+45"]

1. e4 c6 2. c4 d5 3. exd5 cxd5 4. d4 Nf6 5. Nc3 e6 6. Bg5 dxc4 7. Bxc4 a6 8. Nf3
Be7 9. O-O O-O 10. Qd3 b5 11. Bb3 Bb7 12. Bc2 g6 13. Rad1 Nd5 14. Bh6 Re8 15. a3
Qd6 16. Ne5 Bf6 17. Ne4 Qe7 18. Nxf6+ Qxf6 19. Qg3 Nc6 20. f4 Nxe5 21. fxe5 Qe7
22. Rd2 Rac8 23. Rdf2 Rc7 24. Rxf7 Qd8 25. Bxg6 {Black resigns} 1-0

[Event "Team 45 45 League T28"]
[Site "Internet Chess Club"]
[Date "2005.10.22"]
[Round "6"]
[White "quangliem"]
[Black "f5"]
[Result "1-0"]
[WhiteElo "2340"]
[BlackElo "2307"]
[TimeControl "2700+45"]

1. d4 f5 2. g3 Nf6 3. Bg2 g6 4. c3 Bg7 5. Qb3 d5 6. Nh3 c6 7. Nd2 O-O 8. Nf3 Ne4
9. Nf4 Qb6 10. Nd3 Nd7 11. Bf4 Re8 12. Nfe5 Nxe5 13. Bxe5 Bh6 14. e3 Nd6 15. h4
Nc4 16. Bf4 Bg7 17. h5 Be6 18. Qc2 Bf7 19. b3 Nd6 20. Be5 Ne4 21. Bxg7 Kxg7 22.
g4 fxg4 23. Bxe4 dxe4 24. Ne5 Rf8 25. hxg6 Bxg6 26. Nxg6 hxg6 27. Qxe4 Qa5 28.
Qxe7+ Rf7 29. Rh7+ Kxh7 30. Qxf7+ Kh6 31. Kd2 {Black resigns} 1-0

[Event "Team 45 45 League T28"]
[Site "Internet Chess Club"]
[Date "2005.10.23"]
[Round "6"]
[White "trevor21"]
[Black "vutru"]
[Result "0-1"]
[WhiteElo "2029"]
[BlackElo "2243"]
[TimeControl "2700+45"]

1. d4 c5 2. d5 d6 3. c4 g6 4. Nc3 Bg7 5. e4 Nf6 6. f3 O-O 7. Be3 e6 8. Nge2 exd5
9. cxd5 a6 10. a4 Nbd7 11. Ng3 Qe7 12. Be2 h5 13. O-O h4 14. Nh1 Nh7 15. Qd2 Re8
16. Nf2 f5 17. Bd3 Ne5 18. Rae1 Nxd3 19. Qxd3 Qc7 20. Nh3 fxe4 21. fxe4 Bxh3 22.
gxh3 Be5 23. Kh1 Qd7 24. Bh6 Kh8 25. Rg1 Rg8 26. Rg4 g5 27. Reg1 Qe7 28. Qf3 Bd4
29. R1g2 Rg6 30. Rxh4 Rf6 31. Bxg5 Rxf3 {White resigns} 0-1

[Event "Team 45 45 League T28"]
[Site "Internet Chess Club"]
[Date "2005.10.23"]
[Round "6"]
[White "MrPetrov"]
[Black "WesleyCrusher"]
[Result "1/2-1/2"]
[WhiteElo "2229"]
[BlackElo "2066"]
[TimeControl "2700+45"]

1. e4 c5 2. Nc3 e6 3. Nf3 Nc6 4. d4 cxd4 5. Nxd4 a6 6. Nxc6 bxc6 7. Bd3 d5 8.
O-O Nf6 9. Qe2 Be7 10. b3 O-O 11. Bb2 Qc7 12. Rad1 Bb7 13. Na4 dxe4 14. Bxe4
Nxe4 15. Qxe4 c5 16. Qg4 g6 17. c4 Rfd8 18. Rde1 Rd2 19. Be5 Qc6 20. Re3 h5 21.
Qg3 Rad8 22. Nc3 R8d4 23. Bxd4 cxd4 24. Nd5 Bd6 25. Rxe6 Bxg3 26. Rxc6 Bxc6 27.
Ne7+ Kf8 28. Nxc6 Bd6 29. a4 d3 30. b4 Rc2 31. Rd1 Rxc4 32. b5 axb5 33. axb5 Rc2
34. Nd4 Rb2 35. g3 d2 36. Kf1 Be5 37. Nf3 Bc3 38. Ke2 Rxb5 39. Nxd2 Rb2 40. Kd3
Bb4 41. Ne4 f5 42. Nd2 Kf7 43. Ke3 Bc5+ 44. Kf3 Bb6 45. Rb1 Rxb1 46. Nxb1 Ba5
47. Na3 Bd2 48. Nc4 Bc1 49. h3 Ke6 50. g4 fxg4+ 51. hxg4 h4 52. Kg2 Kd5 53. Nb6+
Ke4 54. Nd7 Kf4 55. Nf8 g5 56. Ne6+ Kxg4 57. f4 h3+ 58. Kh1 Kg3 59. Nxg5 Kxf4
60. Nxh3+ {Game drawn because neither player has mating material} 1/2-1/2

[Event "Team 45 45 League T28"]
[Site "Internet Chess Club"]
[Date "2005.10.21"]
[Round "6"]
[White "Amauta"]
[Black "achessman"]
[Result "0-1"]
[WhiteElo "1917"]
[BlackElo "2142"]
[TimeControl "2700+45"]

1. e4 e5 2. Nf3 Nf6 3. Nxe5 d6 4. Nf3 Nxe4 5. Qe2 Qe7 6. d3 Nf6 7. Bg5 Qxe2+ 8.
Bxe2 Be7 9. Nc3 Bd7 10. O-O-O b5 11. Bxf6 Bxf6 12. Nd5 Bd8 13. Rde1 O-O 14. Bd1
a5 15. h4 a4 16. a3 c5 17. Ng5 Ra6 18. Bh5 Nc6 19. f4 b4 20. Re3 h6 21. Ne4 Be6
22. c4 bxa3 23. bxa3 Nd4 24. g4 Bxd5 25. cxd5 g6 26. g5 gxh5 27. gxh6 Nf5 28.
Rg1+ Kh7 29. Re2 Kxh6 30. Reg2 Nxh4 31. Rg3 Nf5 32. Rh3 Rb6 33. Ng3 Nxg3 34.
Rhxg3 Bf6 35. R1g2 Rfb8 36. Kd2 Bd4 37. Ke2 Rb1 38. Rg8 h4 39. Kf3 Rxg8 40. Rxg8
h3 41. Rg3 Rh1 42. Kg4 Rg1 43. Kxh3 Rxg3+ 44. Kxg3 Bb2 45. Kg4 Bxa3 {White
resigns} 0-1

[Event "Team 45 45 League T28"]
[Site "Internet Chess Club"]
[Date "2005.10.24"]
[Round "6"]
[White "MSStateBulldog"]
[Black "Michael-player"]
[Result "1-0"]
[WhiteElo "2381"]
[BlackElo "2340"]
[TimeControl "2700+45"]

1. e4 e5 2. Nf3 Nf6 3. Nxe5 d6 4. Nf3 Nxe4 5. c4 Be7 6. d4 O-O 7. Bd3 Nf6 8. O-O
Bg4 9. Be3 Nc6 10. Nbd2 d5 11. c5 Nb4 12. Bb1 Nc6 13. a3 a5 14. Bd3 Bh5 15. h3
Bg6 16. Bb5 Na7 17. Be2 Ne4 18. Ne5 Nxd2 19. Qxd2 Nc6 20. f4 Nxe5 21. fxe5 a4
22. Bb5 c6 23. Be2 Be4 24. Qb4 Ra7 25. Qc3 Ra8 26. Bg4 f5 27. Bd1 Qd7 28. Qd2
Qd8 29. g4 Qd7 30. Bg5 Qd8 31. Bxe7 Qxe7 32. gxf5 Qh4 33. Qe3 Bxf5 34. Rf3 Be6
35. Rg3 Rf4 36. Be2 Re4 37. Qf2 Rxe2 38. Rxg7+ Kxg7 39. Qxh4 {Black resigns} 1-0

[Event "Team 45 45 League T28"]
[Site "Internet Chess Club"]
[Date "2005.10.23"]
[Round "6"]
[White "NFork"]
[Black "onslaught"]
[Result "1-0"]
[WhiteElo "2170"]
[BlackElo "2213"]
[TimeControl "2700+45"]

1. e4 e5 2. Nf3 Nc6 3. d4 exd4 4. Nxd4 Bc5 5. Be3 Qf6 6. c3 Nge7 7. Nc2 Bxe3 8.
Nxe3 O-O 9. g3 b6 10. Nd2 Re8 11. Qh5 d6 12. f4 Qg6 13. Qxg6 hxg6 14. O-O-O Be6
15. Bg2 Rad8 16. Nb3 Bd7 17. Rhe1 b5 18. g4 g5 19. fxg5 g6 20. h3 Ne5 21. Nd5
Nxd5 22. Rxd5 Be6 23. Rdd1 Bxb3 24. axb3 b4 25. Kc2 Nc6 26. Ra1 Re5 27. Ra6 Rc5
28. e5 Nxe5 29. Rxa7 Rb8 30. Rd1 bxc3 31. bxc3 Rcb5 32. Rxc7 Rxb3 33. Rc8+ Rxc8
34. Kxb3 Rb8+ 35. Ka2 Nc4 36. Bd5 Ne3 37. Rd3 Nxd5 38. Rxd5 Rb6 39. Ka3 Kf8 40.
h4 Ke7 41. h5 gxh5 42. gxh5 Rb1 43. h6 Rh1 44. Kb4 Ke6 45. Rd2 Kf5 46. Rg2 Kg6
47. Kc4 Rd1 48. Rg3 Rh1 49. Kd5 Rd1+ 50. Kc6 Rd2 51. Rh3 Kh7 52. Rf3 Kg6 53.
Rf6+ Kxg5 54. h7 Rh2 55. Rxf7 Rh6 56. c4 Kg6 57. Rd7 Kf5 58. Kd5 Kf4 59. Rxd6
Rxh7 60. c5 Rh5+ 61. Kd4 Rh1 62. Rf6+ Kg5 63. Rf8 Rd1+ 64. Kc4 Rc1+ 65. Kd5 Rd1+
66. Kc6 Kg6 67. Kc7 Kg7 68. Rf2 Kg8 69. c6 Kg7 70. Kc8 Rc1 71. c7 Kg8 72. Rd2
Kf7 73. Kd7 {Black resigns} 1-0

[Event "Team 45 45 League T28"]
[Site "Internet Chess Club"]
[Date "2005.10.22"]
[Round "6"]
[White "GhostMate"]
[Black "nursey"]
[Result "1-0"]
[WhiteElo "1669"]
[BlackElo "1540"]
[TimeControl "2700+45"]

1. e4 e5 2. Nf3 Nc6 3. Bc4 Bc5 4. b4 Bxb4 5. c3 Be7 6. Qb3 Nh6 7. d4 Na5 8. Qa4
Nxc4 9. Qxc4 d6 10. Bxh6 gxh6 11. dxe5 Rg8 12. O-O Bg4 13. Nbd2 Bh3 14. g3 Bxf1
15. Nxf1 Qd7 16. exd6 Bxd6 17. Rd1 O-O-O 18. e5 Rg4 19. Qb3 Qf5 20. Ne3 Qxf3 21.
Nxg4 Qxg4 22. exd6 cxd6 23. Rd4 Qf3 24. Rf4 Qe2 25. Qxf7 Qe1+ 26. Kg2 Rd7 27.
Rc4+ Kd8 28. Qf8+ Qe8 29. Rc8+ Kxc8 30. Qxe8+ Kc7 31. f4 d5 32. f5 {Black
resigns} 1-0

[Event "Team 45 45 League T28"]
[Site "Internet Chess Club"]
[Date "2005.10.21"]
[Round "6"]
[White "chicopee-ed"]
[Black "mike0897"]
[Result "0-1"]
[WhiteElo "1545"]
[BlackElo "1760"]
[TimeControl "2700+45"]

1. d4 Nf6 2. Nf3 d6 3. c4 g6 4. Nc3 Bg7 5. Bf4 O-O 6. Qd2 Bd7 7. Bh6 Bxh6 8.
Qxh6 Ng4 9. Qd2 Nc6 10. h3 Nf6 11. e4 e5 12. d5 Ne7 13. Be2 Kg7 14. Qg5 Nh5 15.
g3 f6 16. Qd2 Kh8 17. Nh4 Ng7 18. Ng2 f5 19. h4 fxe4 20. h5 gxh5 21. Bxh5 Nxh5
22. Rxh5 Bg4 23. Rh4 Bf3 24. Ne3 Ng6 25. Rh2 a6 26. Ne2 b5 27. Ng1 Rb8 28. Nxf3
exf3 29. O-O-O Qg5 30. Rdh1 Rf7 31. Qc3 bxc4 32. Qc2 c3 33. b3 Nf8 34. Rh5 Qg6
35. Qxc3 Rb5 36. Kb2 Rc5 37. Qd2 a5 38. R1h4 a4 39. Rh6 Qg7 40. Ng4 e4+ 41. Ka3
axb3 42. axb3 Qa1+ {White resigns} 0-1      **ANNOUNCEMENT** from ROBOadmin:
"help event2" for a list of all the upcoming events on the Internet Chess Club!

[Event "Team 45 45 League T28"]
[Site "Internet Chess Club"]
[Date "2005.10.22"]
[Round "6"]
[White "BosqueVerde"]
[Black "Pawndemonium"]
[Result "0-1"]
[WhiteElo "1261"]
[BlackElo "1602"]
[TimeControl "2700+45"]

1. d4 e6 2. c4 f5 3. Nf3 Nf6 4. Nc3 d5 5. Bg5 Be7 6. e3 O-O 7. Bxf6 Bxf6 8. Qb3
c6 9. Bd3 b6 10. O-O Ba6 11. Rfd1 Nd7 12. Rac1 Qe7 13. Ne2 dxc4 14. Bxc4 Bxc4
15. Rxc4 c5 16. Nf4 Kh8 17. d5 e5 18. d6 Qf7 19. Nd5 e4 20. Ne1 Qh5 21. Nxf6
Rxf6 22. Rd5 Re8 23. Qa4 Qf7 24. Rd2 Rd8 25. Rcc2 Ne5 26. f4 exf3 27. Nxf3 Nxf3+
28. gxf3 Rfxd6 29. Rxd6 Rxd6 30. Kf2 Qd7 31. Qf4 h6 32. h4 Rd2+ 33. Rxd2 Qxd2+
34. Kg3 Qd7 35. e4 fxe4 36. Qxe4 Qd6+ 37. f4 Qd8 38. Kg4 Qd1+ 39. Kf5 Qh5+ 40.
Ke6 Qe8+ 41. Kd5 Qxe4+ 42. Kxe4 Kh7 43. Kd5 Kg6 44. Kc6 Kh5 45. Kb7 Kxh4 46.
Kxa7 Kg4 47. Kxb6 h5 48. Kxc5 h4 49. b4 h3 50. b5 h2 51. b6 h1=Q 52. a4 Qb7 53.
a5 Kxf4 54. a6 Qxa6 55. Kc6 g6 56. Kc7 g5 57. b7 Qxb7+ 58. Kxb7 g4 {White
resigns} 0-1

[Event "Team 45 45 League T28"]
[Site "Internet Chess Club"]
[Date "2005.10.20"]
[Round "6"]
[White "chivo"]
[Black "Chessnut"]
[Result "1-0"]
[WhiteElo "1621"]
[BlackElo "1718"]
[TimeControl "2700+45"]

1. e4 e5 2. Bc4 Nc6 3. Nf3 Bc5 4. a3 Nf6 5. d3 h6 6. O-O d6 7. Be3 Bb6 8. Nbd2
Bg4 9. h3 Bh5 10. Bxb6 axb6 11. c3 O-O 12. Qc2 Bg6 13. Nh4 Bh7 14. Nf5 Bxf5 15.
exf5 Nh5 16. g3 Qg5 17. d4 exd4 18. Nf3 Qf6 19. Be2 Qe7 20. cxd4 Nf6 21. Bb5 Na7
22. Rfe1 Qd8 23. Bc4 d5 24. Bd3 c6 25. g4 b5 26. b4 Nc8 27. Qc1 Nd6 28. g5 hxg5
29. Qxg5 Nde4 30. Qf4 Qb6 31. Bxe4 Nxe4 32. Ne5 Qxd4 33. Red1 Qc3 34. f3 Nf6 35.
Rdc1 Qb3 36. Rcb1 Qa4 37. Rb2 Qa7+ 38. Kh1 Qb8 39. Qd4 Re8 40. f4 Ne4 41. Rg2 f6
42. Nd7 Qd6 43. Nc5 Nxc5 44. bxc5 Qc7 45. Qxf6 Re7 46. Rag1 Rxa3 47. Qh6 Rf7 48.
f6 Rxf6 49. Qxf6 Rxh3+ 50. Rh2 Rxh2+ 51. Kxh2 Qf7 52. Qd8+ Qf8 53. Qd6 Qf7 54.
Rg4 b4 55. Rh4 b3 56. Qd8+ Qf8 57. Rh8+ Kxh8 58. Qxf8+ Kh7 59. Qb8 {Black
resigns} 1-0

[Event "Team 45 45 League T28"]
[Site "Internet Chess Club"]
[Date "2005.10.29"]
[Round "6"]
[White "MrShaw"]
[Black "DynamoKyiv"]
[Result "1-0"]
[WhiteElo "1718"]
[BlackElo "1531"]
[TimeControl "2700+45"]

1. e4 e5 2. Nf3 Nc6 3. Bb5 a6 4. Ba4 Nf6 5. O-O b5 6. Bb3 Bb7 7. Re1 Bc5 8. Nxe5
Nxe5 9. d4 Nfg4 10. dxc5 Qh4 11. h3 Qxf2+ 12. Kh1 Nf3 13. Bxf7+ Kf8 14. Qe2
Qxe1+ 15. Qxe1 Nxe1 16. Bb3 Ne5 17. Bf4 d6 18. Nd2 Nxc2 19. Bxc2 Re8 20. Bg5
dxc5 21. Rf1+ Kg8 22. Nb3 c4 23. Nc5 Bc8 24. Bd1 h6 25. Bd2 g5 26. Bc3 Rh7 27.
Bh5 Ree7 28. Rf6 Nd3 29. Rg6+ Rhg7 30. Bxg7 Rxg7 31. Rc6 Nxb2 32. Nxa6 Bxa6 33.
Rxa6 c3 34. Rc6 Na4 35. Bd1 Nb2 36. Bb3+ Kf8 37. Rxc3 Re7 38. Re3 c5 39. Bd5 c4
40. Ra3 b4 41. Ra6 c3 42. Rc6 Ra7 43. Kh2 Rxa2 44. Bxa2 {Black resigns} 1-0

[Event "Team 45 45 League T28"]
[Site "Internet Chess Club"]
[Date "2005.10.21"]
[Round "6"]
[White "kutch"]
[Black "jacknor"]
[Result "0-1"]
[WhiteElo "1487"]
[BlackElo "1601"]
[TimeControl "2700+45"]

1. e4 e6 2. d4 d5 3. Nc3 dxe4 4. Nxe4 Nf6 5. Bd3 Nbd7 6. Nf3 Be7 7. Bd2 b6 8.
O-O Bb7 9. Nxf6+ Nxf6 10. c3 O-O 11. Ne5 c5 12. Be3 Qd5 13. f3 cxd4 14. Bxd4 Qd8
15. Qc2 Rc8 16. Qa4 a5 17. Qc2 Bc5 18. Bxc5 Rxc5 19. Rad1 Qe7 20. Rfe1 h6 21. a3
Qc7 22. Qe2 Rd8 23. c4 Qc8 24. Nxf7 Kxf7 25. b4 axb4 26. axb4 Rg5 27. b5 Re8 28.
Qc2 Bxf3 29. Rf1 Rxg2+ 30. Qxg2 Bxg2 31. Kxg2 e5 32. Rf5 e4 33. Bc2 Qxf5 34. Rf1
Qg4+ 35. Kh1 Qe2 36. Ra1 Qxc2 37. Ra7+ Kf8 {White resigns} 0-1